 Dungeon Crawl Stone Soup version 0.27-a0-520-gb83adbd1c9 (webtiles) character file.

Game seed: 8869182974581853306

53 Allula97 the Skirmisher (level 3, 0/29 HPs)
             Began as a Demonspawn Fighter on Mar 4, 2021.
             Slain by an adder (4 damage)
             ... on level 2 of the Dungeon.
             The game lasted 00:02:29 (1172 turns).

Allula97 the Skirmisher (Demonspawn Fighter)        Turns: 1172, Time: 00:02:30

Health: 0/29       AC:  6    Str: 17    XL:     3   Next: 64%
Magic:  3/3        EV:  7    Int:  9    God:
Gold:   67         SH: 13    Dex: 12    Spells: 3/3 levels left

rFire    . . .     SeeInvis .   a - +0 long sword
rCold    + . .     Faith    .   c - +0 kite shield
rNeg     . . .     Spirit   .   b - +0 scale mail
rPois    +         Reflect  .   (no helmet)
rElec    .         Harm     .   (no cloak)
rCorr    .         Rampage  .   (no gloves)
Will     .....                  (no boots)
Stlth    ..........             (no amulet)
HPRegen  0.09/turn              j - ring of poison resistance
MPRegen  0.08/turn              k - ring of protection from cold

@: mighty, lethally poisoned (0 -> -7)
A: powered by death 1, condensation shield
a: no special abilities


You were on level 2 of the Dungeon.
You visited 1 branch of the dungeon, and saw 2 of its levels.

You collected 67 gold pieces.

Inventory:

Hand Weapons
 a - a +0 long sword (weapon)
Armour
 b - a +0 scale mail (worn)
 c - a +0 kite shield (worn)
Jewellery
 j - a ring of poison resistance (left hand)
 k - a ring of protection from cold (right hand)
 l - a ring of see invisible
Scrolls
 e - a scroll of identify {unknown}
 f - a scroll of immolation {unknown}
Potions
 g - 2 potions of degeneration {unknown}
 h - a potion of curing {unknown}
 i - a potion of cancellation {unknown}


   Skills:
 * Level 3.4 Fighting
 * Level 2.2 Long Blades
 * Level 2.9 Armour
 * Level 0.7 Dodging
 - Level 0.5 Stealth
 * Level 3.0 Shields
 * Level 0.6 Spellcasting


You had 3 spell levels left.
You didn't know any spells.
Your spell library was empty.

Dungeon Overview and Level Annotations

Branches:
Dungeon (2/15)

Altars:


Innate Abilities, Weirdness & Mutations

You regenerate a little health from kills.
A meltable shield of frost defends you. (SH +4)


Message History

The hobgoblin closely misses you.
You riposte.
You closely miss the hobgoblin.
The hobgoblin is moderately wounded.
Your Shields skill increases to level 3!
You slash the hobgoblin!
You kill the hobgoblin!
You closely miss the kobold.
You feel sick. You block the kobold's attack. x2
You closely miss the kobold. You block the kobold's attack.
You barely miss the kobold. The kobold barely misses you.
You block the kobold's attack.
You closely miss the kobold.
You feel sick. The kobold hits you but does no damage.
You completely miss the kobold. You block the kobold's attack. x2
You hit the kobold.
The kobold is severely wounded.
The kobold hits you but does no damage.
You miss the kobold.
The kobold is severely wounded.
You feel sick. You block the kobold's attack. x2
You closely miss the kobold.
The kobold is severely wounded.
The kobold hits you but does no damage. You block the kobold's attack.
Your scale mail prevents you from hitting the kobold.
The kobold is severely wounded.
You feel sick.
You are no longer poisoned.
The kobold hits you but does no damage.
You hit the kobold.
You kill the kobold!
An adder comes into view.
The adder hisses angrily.
Things that are here:
a stone; a kobold corpse You block the adder's attack.
You closely miss the adder. The adder bites you.
* * * LOW HITPOINT WARNING * * *
You are lethally poisoned!
The adder poisons you!
An adder comes into view.
The adder bites you.
You die...

..# ###. #..##
##... #....
##....####...
...........#
...>.......#
........<(##
..........#
......S@..#
.............#
..........####
..>.......#
S.........#
..........#
.......####
...#.#.


You could see 2 adders.

Vanquished Creatures
  An adder (D:2)
  An ooze (D:1)
  A dart slug (D:1)
  3 leopard geckos (D:1)
  A giant cockroach (D:1)
  6 goblins (D:1)
  4 hobgoblins
  7 kobolds
  2 bats
  2 frilled lizards (D:1)
  6 rats (D:1)
34 creatures vanquished.

Notes
Turn   | Place    | Note
-------+----------+-------------------------------------------
     0 | D:1      | Allula97 the Demonspawn Fighter began the quest for the
                  | Orb.
     0 | D:1      | Reached XP level 1. HP: 18/18 MP: 1/1
   116 | D:1      | Gained mutation: A meltable shield of frost defends you.
                  | (SH +4) [demonic ancestry]
   116 | D:1      | Reached XP level 2. HP: 12/24 MP: 2/2
   610 | D:1      | Gained mutation: You regenerate a little health from kills.
                  | [demonic ancestry]
   610 | D:1      | Reached XP level 3. HP: 25/29 MP: 3/3
  1172 | D:2      | Slain by an adder

Illustrated notes

Levels and vault maps discovered:
D:1:      dpeg_arrival_castle, layout_loops_ring, st_stairs_8, corner_web_ring,
          minmay_ruptured
D:2:      layout_rooms, overflow_temple_1_default,
          chequers_ecumenical_altar_island, nicolae_ru_sacrificial_ziggurat,
          uniq_terence

Skill      XL: |  1  2  3 |
---------------+----------+-----
Long Blades    | 2 |  2.2
Shields        | 3 |  3.0
Fighting       | |  3.4
Armour         | |  2.9
Dodging        | |  0.7
Stealth        | |  0.5
Spellcasting   | |  0.6

Action                   || total
-------------------------++-------
Melee: Long sword        ||   120
  Use: Potion            ||     1
Armor: Scale mail        ||    63
Dodge: Dodged            ||    29
Block: Kite shield       ||   107
       Rpst.: Long sword ||    14

Table legend: (Time is in decaauts)
 A = Elapsed time spent in this place.
 B = Non-inter-level travel time spent in this place.
 C = Inter-level travel time spent in this place.
 D = Time resting spent in this place.
 E = Time spent auto-exploring this place.
 F = Levels seen in this place.
 G = Mean time per level.
                   A        B        C        D        E       F      G
               +--------+--------+--------+--------+--------+-----+--------+
         Total |   1242 |   1222 |     20 |      0 |    845 |   2 |  621.0 |
       Dungeon |   1242 |   1222 |     20 |      0 |    845 |   2 |  621.0 |
               +--------+--------+--------+--------+--------+-----+--------+

Top non-repeatable levels by time:
     D:1: 1194 daAuts
     D:2: 48 daAuts
